[Event "Live Chess"]
[Site "Chess.com"]
[Date "2023.05.21"]
[Round "-"]
[White "Fazer180"]
[Black "worldchessleaguelive"]
[Result "1-0"]
[WhiteElo "1765"]
[BlackElo "1390"]
[TimeControl "300"]
[EndTime "18:39:21 PDT"]
[Termination "Fazer180 won by resignation"]

1. e4 d5 2. exd5 Qxd5 3. Nc3 Qd8 4. d4 Nf6 5. h3 e6 6. Nf3 Be7 7.
Bc4 O-O 8. Be3 Nd5 9. Nxd5 exd5 10. Bd3 Re8 11. O-O c6 12. c3 Nd7 13. Qc2 g6 14. Rfe1 Bf6 15. Bf4 Rxe1+ 16. Rxe1 Qf8 17. Qe2 b6 18. Ne5 Nxe5 19. Bxe5 Bxe5 20. Qxe5 Bb7 21. Qc7 Rb8 22. Re7 c5 23. dxc5 bxc5 24. Qxc5 Rc8 25.
Qb4 Ba8 26. Rxa7 Qxb4 27. cxb4 d4 28. b3 Bd5 29. Rd7 Be6 30. Rxd4 1-0

[Event "Live Chess"]
[Site "Chess.com"]
[Date "2023.05.21"]
[Round "-"]
[White "chessfiction"]
[Black "CheckThis4"]
[Result "1/2-1/2"]
[WhiteElo "2356"]
[BlackElo "2512"]
[TimeControl "300"]
[EndTime "18:39:28 PDT"]
[Termination "Game drawn by agreement"]

1. e4 c5 2. Nf3 d6 3. d4 cxd4 4. Nxd4 Nf6 5. Nc3 g6 6. h4 Nc6 7. Nxc6 bxc6 8. Be2 h5 9. Bg5 Bg7 10. Qd2 Rb8 11. O-O-O Qb6 12. Na4 Qb4 13. Qxb4 Rxb4 14. Nc3 Nxe4 15. Nxe4 Bxb2+ 16. Kd2 Rxe4 17. Bf3 Rc4 18.
Rhe1 Bc3+ 19. Kd3 Bxe1 20. Rxe1 Ba6 21. Rxe7+ Kf8 22. Rxa7 Ra4+ 23. Ke3 Kg7 24. Bxc6 Ra3+ 25. Kd2 Ra5 26. Bb7 Bxb7 27. Rxa5 Bxg2 28. Ra6 Ra8 29. Rxd6 Rxa2 30. Bf6+ Kh7 31. Rd8 Ra8 32. Rd7 Kg8 33. c4 Bh3 34. Re7 Kf8 35. Rb7 Bc8 36. Rc7 Be6 37.
c5 Rc8 38. Rxc8+ Bxc8 39. Ke3 Ke8 40. Kf4 Kd7 41. Ke5 Kc6 42. Be7 Be6 43. Kf6 Ba2 44. Bd6 Bb3 45. Ke5 Ba2 1/2-1/2

[Event "Live Chess"]
[Site "Chess.com"]
[Date "2023.05.21"]
[Round "-"]
[White "Tushinskiy"]
[Black "LodeshChess"]
[Result "1-0"]
[WhiteElo "2177"]
[BlackElo "1176"]
[TimeControl "300"]
[EndTime "18:39:36 PDT"]
[Termination "Tushinskiy won by checkmate"]

1. d4 Nf6 2. c3 d5 3. Nf3 Bg4 4.
Bf4 Bxf3 5. gxf3 e6 6. Nd2 c5 7. e3 c4 8. e4 dxe4 9. fxe4 b5 10. a4 Qb6 11. axb5 Qxb5 12. Nxc4 Qb7 13. Bg2 Nxe4 14. Qa4+ Nd7 15. Ne5 Rd8 16. O-O Qxb2 17. Bxe4 Bd6 18.
Bc6 Bxe5 19. Bxe5 Qxc3 20. Rae1 Qd3 21. d5 Qg6+ 22. Bg3 O-O 23. Bxd7 h5 24. dxe6 h4 25.
e7 hxg3 26. hxg3 Rxd7 27. exf8=Q+ Kxf8 28. Qxd7 Kg8 29. Re8+ Kh7 30. Qh3+ Qh6 31. Qxh6+ Kxh6 32. Ra1 Kg6 33. Rxa7 f6 34. Ree7 Kf5 35. Rxg7 Ke5 36.
Kg2 f5 37. Rgd7 Ke6 38. f4 Kf6 39. Rd6# 1-0

[Event "Live Chess"]
[Site "Chess.com"]
[Date "2023.05.21"]
[Round "-"]
[White "LanceMaster23"]
[Black "Biranidun"]
[Result "0-1"]
[WhiteElo "1946"]
[BlackElo "2580"]
[TimeControl "300"]
[EndTime "18:40:02 PDT"]
[Termination "Biranidun won by resignation"]

1. Nf3 Nf6 2. d4 g6 3. Bf4 Bg7 4. e3 d6 5. Be2 O-O 6. h3 b6 7. c3 Bb7 8. Nbd2 Nbd7 9. O-O a6 10.
a4 c5 11. Re1 Ra7 12. Qc2 Qa8 13. dxc5 bxc5 14. Rad1 Ne4 15. Qb3 Nxd2 16. Nxd2 Bxg2 17. Kh2 Rb8 18. Qc2 Bc6 19. Nc4 Rab7 20. Rb1 a5 21.
Red1 Nf6 22. Nxd6 exd6 23. Bxd6 Rc8 24. Bxc5 Be4 25. Bd3 Bxd3 26. Qxd3 Rxc5 27. Qd8+ Qxd8 28. Rxd8+ Bf8 29. b4 Rxc3 30. b5 Kg7 0-1

[Event "Live Chess"]
[Site "Chess.com"]
[Date "2023.05.21"]
[Round "-"]
[White "Singapourfeuj"]
[Black "raminguy"]
[Result "0-1"]
[WhiteElo "2152"]
[BlackElo "1938"]
[TimeControl "300"]
[EndTime "18:40:26 PDT"]
[Termination "raminguy won - game abandoned"]

1. d4 d5 2. Nc3 Nf6 3. e4 dxe4 4. f3 c5 5. d5 e6 6. fxe4 exd5 7. exd5 Bd6 8. Nf3 O-O 9. Bd3 Re8+ 10. Kf1 Bg4 11.
Bg5 h6 12. Bh4 Nbd7 13. h3 Bh5 14. g4 Bg6 15. Bxg6 fxg6 16. Kg2 Qe7 0-1

[Event "Live Chess"]
[Site "Chess.com"]
[Date "2023.05.21"]
[Round "-"]
[White "1600x"]
[Black "xx_blindpuffin_xx"]
[Result "1/2-1/2"]
[WhiteElo "1899"]
[BlackElo "2200"]
[TimeControl "300"]
[EndTime "18:41:48 PDT"]
[Termination "Game drawn by repetition"]

1. e4 c6 2. d4 d5 3. e5 Bf5 4. Ne2 e6 5. h4 h6 6. Nd2 c5 7.
c3 Nc6 8. Ng3 Bh7 9. dxc5 Bxc5 10. Nb3 Bb6 11. Qg4 Nxe5 12. Qxg7 Qf6 13. Qxf6 Nxf6 14. a4 Nfg4 15. Nd4 a6 16. f3 Nf6 17. Bxh6 Nd3+ 18. Bxd3 Bxd3 19. Bg7 Rg8 20. Bxf6 Rxg3 21.
Kf2 Rg6 22. a5 Ba7 23. Bh8 O-O-O 24. h5 Rh6 25. Bg7 Rh7 26. Bf6 Re8 27. Rae1 Rh6 28. Bg5 Rh7 29. Bf6 Rh6 30. Bg5 Rh7 31. Bf6 1/2-1/2

[Event "Live Chess"]
[Site "Chess.com"]
[Date "2023.05.21"]
[Round "-"]
[White "PaulyD81"]
[Black "ClassyChameleon"]
[Result "1-0"]
[WhiteElo "1188"]
[BlackElo "1085"]
[TimeControl "300"]
[EndTime "18:42:01 PDT"]
[Termination "PaulyD81 won by checkmate"]

1. d4 d5 2. c4 e6 3. e3 a6 4. Nc3 c6 5. Nf3 Bb4 6. Qc2 b5 7. b3 Nf6 8. a3 Bd6 9. c5 Bc7 10. b4 O-O 11. Ne5 Bxe5 12. dxe5 Ne4 13. Nxe4 dxe4 14. Qxe4 Nd7 15. Be2 f6 16. exf6 Nxf6 17. Qd4 Bd7 18. O-O Nd5 19. Bb2 Rf7 20. Bh5 g6 21. Qh8# 1-0

[Event "Live Chess"]
[Site "Chess.com"]
[Date "2023.05.21"]
[Round "-"]
[White "Hussamalhaidar"]
[Black "grillage"]
[Result "0-1"]
[WhiteElo "1113"]
[BlackElo "1809"]
[TimeControl "300"]
[EndTime "18:42:41 PDT"]
[Termination "grillage won by resignation"]

1. b3 d5 2. Bb2 Nf6 3. Bxf6 exf6 4.
d4 Bf5 5. Nf3 Nc6 6. e3 Bd6 7.
Bb5 O-O 8. Bxc6 bxc6 9. O-O Re8 10. Nh4 Be4 11. f3 Bg6 12. Nxg6 fxg6 13. Nd2 Rxe3 14. c4 Qe8 15. Re1 Bb4 16. Rxe3 Qxe3+ 17. Kh1 Qxd2 18.
Qxd2 Bxd2 19. cxd5 cxd5 20. Rd1 Bf4 21. g3 Bd6 22. f4 Kf7 23. h3 Re8 24. Kg2 Re2+ 25. Kf3 Rxa2 26. Rd3 a5 0-1

[Event "Live Chess"]
[Site "Chess.com"]
[Date "2023.05.21"]
[Round "-"]
[White "Biranidun"]
[Black "Long1968"]
[Result "1-0"]
[WhiteElo "2580"]
[BlackElo "1056"]
[TimeControl "300"]
[EndTime "18:42:53 PDT"]
[Termination "Biranidun won by resignation"]

1. e4 e6 2. d4 d5 3. e5 c5 4. c3 Nc6 5. Nf3 b6 6. Bd3 cxd4 7. cxd4 Qc7 8. Nc3 a6 9. O-O Be7 10. Be3 f6 11. Rc1 fxe5 12. dxe5 Nxe5 13. Nxd5 Nxf3+ 14. Qxf3 Qb7 15. Nc7+ Kd7 16. Be4 1-0

[Event "Live Chess"]
[Site "Chess.com"]
[Date "2023.05.21"]
[Round "-"]
[White "KeithArkell"]
[Black "wot-not"]
[Result "1-0"]
[WhiteElo "2573"]
[BlackElo "1542"]
[TimeControl "300"]
[EndTime "18:43:05 PDT"]
[Termination "KeithArkell won by resignation"]

1. d4 Nf6 2. Nf3 g6 3. c4 d5 4. cxd5 Nxd5 5. Nc3 Nxc3 6. bxc3 Bg7 7. g3 O-O 8. Bg2 c5 9. O-O cxd4 10. cxd4 Nc6 11. e3 Bg4 12. h3 Bd7 13. Bb2 Qc8 14. Kh2 Be6 15. Qa4 Bd5 16. Rfc1 e5 17. Nxe5 Bxe5 18. dxe5 Bxg2 19. Kxg2 Qf5 20. Qf4 Qxf4 21. gxf4 Rad8 22. Rc4 Rd2 23. Bc1 Rd7 24. Rb1 Na5 25. Rc2 b6 26. Ba3 Rfd8 27. Bb4 Nb7 28. Rbc1 Kg7 29. Rc7 Na5 30.
Bxa5 bxa5 31. Rxd7 Rxd7 32. Rc5 f6 33. exf6+ Kxf6 34. Rxa5 h5 35. h4 Rc7 36. Ra6+ Kf5 37. Kf3 Rc3 38. Ra5+ Kf6 39. Rxa7 1-0

[Event "Live Chess"]
[Site "Chess.com"]
[Date "2023.05.21"]
[Round "-"]
[White "Duke_of_Bebington"]
[Black "Tushinskiy"]
[Result "0-1"]
[WhiteElo "1581"]
[BlackElo "2178"]
[TimeControl "300"]
[EndTime "18:43:54 PDT"]
[Termination "Tushinskiy won by resignation"]

1. e4 e5 2. Nf3 d6 3. d4 Bg4 4. Be2 Nd7 5. Nc3 Ngf6 6. Be3 c6 7. h3 Bh5 8. Qd2 Qc7 9. O-O-O Be7 10. Kb1 a5 11. dxe5 dxe5 12. Bg5 Nc5 13. Bxf6 Bxf6 14. Bd3 O-O 15. g4 Bg6 16. h4 Rad8 17. Qe2 h5 18. g5 Be7 19. Ne1 b5 20. Ng2 b4 0-1

[Event "Live Chess"]
[Site "Chess.com"]
[Date "2023.05.21"]
[Round "-"]
[White "Missedidea"]
[Black "GMHarry-youtube"]
[Result "1-0"]
[WhiteElo "1843"]
[BlackElo "2040"]
[TimeControl "300"]
[EndTime "18:43:58 PDT"]
[Termination "Missedidea won by checkmate"]

1. d4 Nf6 2. c4 g6 3. Nc3 d5 4. cxd5 Nxd5 5. e4 Nxc3 6. bxc3 Bg7 7. Bc4 c5 8. Ne2 Nc6 9. O-O cxd4 10. cxd4 Nxd4 11.
Rb1 Nxe2+ 12. Qxe2 O-O 13. Bg5 h6 14. Rfd1 Qc7 15.
Bh4 Bg4 16. f3 Qc5+ 17. Bf2 Bxf3 18. gxf3 Qg5+ 19. Kh1 Be5 20. Be3 Qh5 21. f4 Qxe2 22. Bxe2 Bf6 23. e5 Bg7 24. Rxb7 e6 25. Rdd7 Rab8 26.
Kg2 Rxb7 27. Rxb7 Rc8 28. Kf3 Rc3 29. Ke4 g5 30. Rxa7 Bh8 31. Bd3 gxf4 32. Bxf4 Kg7 33.
Ra8 Rc6 34. a4 Kh7 35. a5 f5+ 36. exf6 Bxf6 37. a6 e5 38. Be3 Rc3 39. a7 Ra3 40. Rf8 Bd8 41. Rxd8 Ra4+ 42. Kxe5+ Kg7 43. Bd4 h5 44.
Rd7+ Kh6 45. Be3+ Rf4 46. Bxf4# 1-0

[Event "Live Chess"]
[Site "Chess.com"]
[Date "2023.05.21"]
[Round "-"]
[White "jimwad"]
[Black "ViktorTheCoolBoy"]
[Result "0-1"]
[WhiteElo "1216"]
[BlackElo "2513"]
[TimeControl "300"]
[EndTime "18:43:58 PDT"]
[Termination "ViktorTheCoolBoy won by checkmate"]

1. d4 e6 2. e4 c5 3. dxc5 Bxc5 4. Nf3 Nf6 5. Bd3 O-O 6. O-O d5 7. exd5 Qxd5 8. Nc3 Qh5 9. h3 Nc6 10. Ne4 Nxe4 11.
Bxe4 Ne7 12. Be3 Bxe3 13. fxe3 Qc5 14. Qd3 Nc6 15. Bxc6 Qxc6 16. Kh1 Qc7 17. Rac1 Rd8 18. Qe2 h6 19. c3 b6 20. Nd4 Bb7 21. Qf2 Qe7 22.
Rfd1 Rd5 23. Nf3 Rh5 24. Rd4 e5 25. Rd2 Qf6 26. Rf1 g5 27. Nh2 Qxf2 28. Rfxf2 Rxh3 29. Kg1 Rxe3 30. Ng4 Re1+ 31. Rf1 Rxf1+ 32. Kxf1 Kg7 33.
Nxe5 Re8 34. Nf3 Bxf3 35. gxf3 Kf6 36. Kf2 Re7 37. Rd1 h5 38. Rh1 Kg6 39. Rg1 f6 40. f4 Rd7 41. fxg5 fxg5 42. Re1 h4 43. Re6+ Kf5 44. Re3 Rd2+ 45. Kf3 Rxb2 46. a4 g4# 0-1

[Event "Live Chess"]
[Site "Chess.com"]
[Date "2023.05.21"]
[Round "-"]
[White "blowerd"]
[Black "whatnot126"]
[Result "0-1"]
[WhiteElo "1359"]
[BlackElo "2051"]
[TimeControl "300"]
[EndTime "18:44:03 PDT"]
[Termination "whatnot126 won on time"]

1. e4 d6 2. Nf3 Nf6 3. Nc3 g6 4.
Bc4 Bg7 5. d4 O-O 6. e5 dxe5 7.
dxe5 Qxd1+ 8. Nxd1 Ng4 9. O-O Nxe5 10. Nxe5 Bxe5 11. Re1 Bf6 12. Nc3 Bf5 13. Nd5 Na6 14.
Bxa6 bxa6 15. Nxe7+ Kg7 16. Nxf5+ gxf5 17. c3 Rad8 18. Bf4 c5 19. Rad1 c4 20. h3 Rd3 21.
Rxd3 cxd3 22. Rd1 Rd8 23. Be3 Rd7 24. Kf1 Kf8 25. Bc5+ Ke8 26. Re1+ Kd8 27. Rd1 Kc7 28.
Rd2 Kc6 29. Be3 Be5 30. f4 Bb8 31. Ke1 Re7 32. Rxd3 Bxf4 33. Kd2 Bb8 34. Bf2 Re8 35. Bg3 f4 36. Bf2 Rg8 37. g4 fxg3 38. Bxg3 Rxg3 39.
Rxg3 Bxg3 40. Kd3 Kd5 41. c4+ Kc5 42. b3 Be5 43. Ke4 Bb2 44. Kf5 Kb4 45. Ke4 Ka3 46. Kd3 Kxa2 47. Kc2 Be5 48. b4 Ka3 0-1

[Event "Live Chess"]
[Site "Chess.com"]
[Date "2023.05.21"]
[Round "-"]
[White "worldchessleaguelive"]
[Black "domrobson"]
[Result "0-1"]
[WhiteElo "1386"]
[BlackElo "1757"]
[TimeControl "300"]
[EndTime "18:44:18 PDT"]
[Termination "domrobson won by resignation"]

1. d4 Nf6 2. Bf4 d5 3. Nf3 e6 4. e3 c5 5. c3 Nc6 6. Bb5 Bd7 7. Bxc6 Bxc6 8. Ne5 Qb6 9. Nxc6 bxc6 10. Qb3 Nh5 11. Bg3 Nxg3 12. hxg3 Rb8 13. Nd2 c4 14. Qxb6 Rxb6 15.
O-O-O Be7 16. e4 h6 17. e5 Kd7 18. f4 Rhb8 19. b4 cxb3 20. axb3 a5 21. Kc2 Ra8 22. Ra1 Rba6 23. Ra4 Bd8 24. Rha1 Ke7 25. Nf3 Rb8 26. g4 Rab6 27. Rb1 f6 28. Nh4 Kf7 29. Rxa5 fxe5 30.
Ra7+ R8b7 31. Rxb7+ Rxb7 32. fxe5 Bxh4 33. Rf1+ Kg8 34. Rf3 Bg5 35. c4 Rf7 36. cxd5 cxd5 37. b4 Rxf3 38. gxf3 Kf8 39. b5 Ke8 40. Kb3 Kd7 41.
Kb4 Kc7 42. Ka5 Kb7 43. b6 Be3 0-1

[Event "Live Chess"]
[Site "Chess.com"]
[Date "2023.05.21"]
[Round "-"]
[White "IgorSchukin"]
[Black "therealab0ne"]
[Result "1-0"]
[WhiteElo "1783"]
[BlackElo "716"]
[TimeControl "300"]
[EndTime "18:44:32 PDT"]
[Termination "IgorSchukin won by resignation"]

1. e4 c5 2. a3 Nc6 3. b4 cxb4 4. axb4 Nxb4 5. c3 Nc6 6. d4 e6 7. d5 exd5 8. exd5 Nce7 9. Na3 b6 10. Bf4 Bb7 11. Nb5 Nxd5 12. Bd6 Bxd6 13. Nxd6+ Ke7 14. Nxb7 Qb8 15. Qxd5 Nf6 16. Qf3 Re8 17. Bd3 Kf8+ 18. Ne2 Qc8 19. O-O Rb8 20. Nd6 Qc6 21. Nxe8 Rxe8 22. Qxc6 dxc6 23. Rfe1 Nd5 24. g3 g6 25.
Nf4 Nxf4 26. Rxe8+ Kxe8 27. gxf4 Kd7 28. Rxa7+ Kd6 29.
Rxf7 b5 30. Rxh7 c5 31. Bxb5 Kd5 32. f3 g5 1-0

[Event "Live Chess"]
[Site "Chess.com"]
[Date "2023.05.21"]
[Round "-"]
[White "Tilbs_12"]
[Black "alanmike75"]
[Result "1-0"]
[WhiteElo "1560"]
[BlackElo "1583"]
[TimeControl "300"]
[EndTime "18:44:37 PDT"]
[Termination "Tilbs_12 won on time"]

1. e4 e5 2. Nf3 Nc6 3. Bc4 Be7 4.
c3 Nf6 5. d4 d6 6. d5 Nb8 7. Bd3 O-O 8. O-O c6 9. c4 a5 10. Nc3 Bg4 11. h3 Bh5 12. Be3 Na6 13. a3 Rc8 14. Be2 Bg6 15. Nd2 c5 16. Rc1 Nc7 17.
Re1 Qd7 18. b3 Nfe8 19. Na4 Na8 20. Bd3 f5 21. exf5 Bxf5 22. Ne4 Bxe4 23. Bxe4 Nf6 24. Bc2 Rce8 25. Qd2 b6 26. Nc3 Bd8 27. Nb5 Nc7 28.
a4 Nxb5 29. axb5 Kh8 30. Qe2 Qf7 31. Rf1 Nh5 32. g3 Nf6 33. Bd2 Qh5 34. Qxh5 Nxh5 35.
Rce1 Nf6 36. Kg2 g6 37. Bg5 Nh5 38. Bxd8 Rxd8 39. f3 Kg7 40. Re2 Rf7 41. Ref2 Rdf8 42. Bb1 Nf6 43. g4 h6 44. Kg3 Nd7 45. f4 exf4+ 46.
Rxf4 Rxf4 47. Rxf4 Rxf4 48. Kxf4 Ne5 49. h4 Kf6 50. g5+ hxg5+ 51. hxg5+ Kf7 52. Ke4 Nd7 53. Kf4 Nf8 54. Be4 Nd7 55. Bf3 Ne5 56. Be2 Kg7 57. Ke4 Kf7 58. Bd1 Kg7 59. Kf4 Kf7 60. Bc2 Ke7 61. Ke4 Kf7 62. Kf4 Kf8 63. Ke4 Kg7 64. Kf4 Kf8 65. Ke4 Kg7 66. Kf4 Kf7 67. Kg3 Kf8 68. Kf4 Kg7 69. Ke4 1-0

[Event "Live Chess"]
[Site "Chess.com"]
[Date "2023.05.21"]
[Round "-"]
[White "Biranidun"]
[Black "Hussamalhaidar"]
[Result "1-0"]
[WhiteElo "2580"]
[BlackElo "1113"]
[TimeControl "300"]
[EndTime "18:45:13 PDT"]
[Termination "Biranidun won by checkmate"]

1. e4 Nc6 2. Nf3 b6 3. d4 Bb7 4.
d5 Nb8 5. Bd3 e6 6. c4 exd5 7.
exd5 Bc5 8. O-O c6 9. Nc3 d6 10. Re1+ Ne7 11. Ng5 O-O 12. Bxh7+ Kh8 13. Qh5 g6 14.
Bxg6+ Kg7 15. Qh7+ Kf6 16. Nce4+ Ke5 17. Nf3# 1-0

[Event "Live Chess"]
[Site "Chess.com"]
[Date "2023.05.21"]
[Round "-"]
[White "Tushinskiy"]
[Black "domrobson"]
[Result "1-0"]
[WhiteElo "2179"]
[BlackElo "1756"]
[TimeControl "300"]
[EndTime "18:45:19 PDT"]
[Termination "Tushinskiy won by resignation"]

1. d4 Nf6 2. c3 e6 3. Nf3 d5 4. Bf4 c5 5. e3 Nc6 6. Bd3 Be7 7. Bg3 h6 8. Nbd2 Bd6 9. Ne5 Nxe5 10. dxe5 d4 11.
exf6 1-0

[Event "Live Chess"]
[Site "Chess.com"]
[Date "2023.05.21"]
[Round "-"]
[White "NateSolon"]
[Black "GEMdzq"]
[Result "1-0"]
[WhiteElo "2665"]
[BlackElo "2251"]
[TimeControl "300"]
[EndTime "18:45:50 PDT"]
[Termination "NateSolon won by checkmate"]

1. d4 Nf6 2. Nc3 e6 3. e4 c5 4.
d5 d6 5. Bb5+ Bd7 6. dxe6 Bxb5 7. exf7+ Kxf7 8. Nxb5 Qa5+ 9. Nc3 Nc6 10. Nf3 Be7 11.
O-O Rhf8 12. Qe2 Kg8 13. Bg5 Rae8 14. Rad1 Qb4 15. Bc1 c4 16. a3 Qc5 17. Be3 Qh5 18.
Qxc4+ Kh8 19. h3 Bd8 20. Qb5 Ne5 21. Nxe5 Rxe5 22. Qxb7 Qg6 23. Rxd6 Rh5 24. Rfd1 Ba5 25. b4 Rxh3 26. bxa5 Rxe3 27. fxe3 Qg3 28. Rxf6 Qxe3+ 29. Kh1 gxf6 30. Qc7 Rg8 31. Nd5 Qe2 32. Rg1 Qxe4 33. Nf4 Rg4 34. Qc8+ Kg7 35. Qxg4+ Kf7 36. Rd1 f5 37.
Rd7+ Ke8 38. Qg7 Qe1+ 39. Kh2 Qh4+ 40. Nh3 Qh6 41. Qf7# 1-0

[Event "Live Chess"]
[Site "Chess.com"]
[Date "2023.05.21"]
[Round "-"]
[White "Fazer180"]
[Black "chessfiction"]
[Result "0-1"]
[WhiteElo "1764"]
[BlackElo "2357"]
[TimeControl "300"]
[EndTime "18:46:04 PDT"]
[Termination "chessfiction won by checkmate"]

1. e4 d5 2. exd5 c6 3. dxc6 Nxc6 4. Nc3 e5 5. Bb5 Nf6 6. Bxc6+ bxc6 7. d3 Bc5 8. h3 O-O 9. Nf3 Re8 10. O-O Rb8 11. Rb1 Bf5 12. Be3 Bd6 13. Bxa7 Ra8 14. Be3 Qd7 15.
Bg5 Nh5 16. Nxe5 Rxe5 17. Qxh5 h6 18. Bf4 Bg6 19. Qf3 Rf5 20. g3 Bxf4 21. gxf4 Bh5 22. Qe3 Re8 23. Ne4 Re6 24. Kh2 Qc7 25. Rg1 Rxf4 26.
Qg3 Rg6 27. Qxg6 Rxf2+ 28. Kh1 Qh2# 0-1

[Event "Live Chess"]
[Site "Chess.com"]
[Date "2023.05.21"]
[Round "-"]
[White "smoggyrabbit"]
[Black "garyjc"]
[Result "1-0"]
[WhiteElo "1749"]
[BlackElo "1046"]
[TimeControl "300"]
[EndTime "18:46:17 PDT"]
[Termination "smoggyrabbit won by resignation"]

1. d4 Nf6 2. Nf3 g6 3. e3 Bg7 4. Be2 O-O 5. O-O d6 6. b3 Nbd7 7. Bb2 Re8 8. c4 b6 9. Nbd2 Bb7 10. Qc2 Bxf3 11. Bxf3 e5 12. Bxa8 Qxa8 13. dxe5 Nxe5 14.
Bxe5 dxe5 15. Nf3 e4 16. Nd4 c5 17. Nb5 Qb7 18. Nd6 Qd7 19. Nxe8 Qxe8 20. Rad1 Qe5 21. Rd8+ Bf8 22. h3 Kg7 23. Rfd1 Be7 24. R8d2 Nh5 25.
Qb2 Qxb2 26. Rxb2 Bf6 27. Rbd2 Bc3 28. Rd7 Nf6 29. Rxa7 1-0

[Event "Live Chess"]
[Site "Chess.com"]
[Date "2023.05.21"]
[Round "-"]
[White "KeithArkell"]
[Black "ChessClubLive"]
[Result "1-0"]
[WhiteElo "2573"]
[BlackElo "1493"]
[TimeControl "300"]
[EndTime "18:46:28 PDT"]
[Termination "KeithArkell won by resignation"]

1. d4 d5 2. Nf3 Nc6 3. c4 Bg4 4. Nc3 Bxf3 5. exf3 e6 6. cxd5 exd5 7. Bb5 Qe7+ 8. Be3 Qd6 9. O-O O-O-O 10. Qa4 Nge7 11. g3 a6 12. Bxc6 Nxc6 13. Rac1 Qb4 14. Qxb4 Nxb4 15. a3 Nd3 16. Rc2 c5 17. dxc5 Nxc5 18.
Na4 1-0

[Event "Live Chess"]
[Site "Chess.com"]
[Date "2023.05.21"]
[Round "-"]
[White "LiamBellwood"]
[Black "LodeshChess"]
[Result "1-0"]
[WhiteElo "2045"]
[BlackElo "1176"]
[TimeControl "300"]
[EndTime "18:46:31 PDT"]
[Termination "LiamBellwood won by resignation"]

1. d4 Nf6 2. Nc3 e6 3. Bf4 Bb4 4. Qd3 d5 5. a3 Bxc3+ 6. Qxc3 O-O 7. Qxc7 Qxc7 8. Bxc7 Ne4 9. Nf3 Nc6 10. e3 b6 11.
Bd3 Bb7 12. c4 Nf6 13. Bg3 dxc4 14. Bxc4 Rac8 15. Bd3 Na5 16. O-O Bxf3 17. gxf3 Nb3 18.
Rad1 Nh5 19. Bb1 Nxg3 20. hxg3 Rc4 21. Ba2 Rc2 22. Bxb3 Rxb2 23. Rb1 Rd2 24. Rfd1 Rxd1+ 25. Rxd1 Rc8 26. Rd2 Rc1+ 27. Kg2 Rb1 28. Rc2 Kf8 29. Ba2 Rb5 30. Rc8+ Ke7 31. Rc7+ Kf6 32. Rxa7 Rb2 33. Bc4 g6 34. f4 h5 35. a4 Rb4 36. Bb5 Rb2 37.
Be8 Kf5 38. Kf3 1-0

[Event "Live Chess"]
[Site "Chess.com"]
[Date "2023.05.21"]
[Round "-"]
[White "Olisingapore"]
[Black "calcina"]
[Result "1/2-1/2"]
[WhiteElo "1798"]
[BlackElo "1595"]
[TimeControl "300"]
[EndTime "18:46:37 PDT"]
[Termination "Game drawn by repetition"]

1. d4 b5 2. Nf3 Bb7 3. e3 Nf6 4.
Bxb5 g6 5. O-O Bg7 6. Be2 O-O 7. Ne5 d6 8. Bf3 c6 9. Nd3 e5 10. dxe5 dxe5 11. Nxe5 Qc7 12. Nc4 Nbd7 13. b3 Rad8 14. Bb2 Ne5 15. Qe2 Nxf3+ 16. Qxf3 c5 17. Qe2 h5 18. Rd1 Ng4 19. g3 Rxd1+ 20. Qxd1 Qc6 21. f3 Bxb2 22. Nxb2 Nxe3 23. Qe2 Re8 24. Nc3 Qxf3 25. Qxf3 Bxf3 26. Re1 Bc6 27. Nc4 Nxc2 28. Rxe8+ Bxe8 29. Nd6 Kf8 30. Nxe8 Kxe8 31. Ne4 Nb4 32.
a3 Na6 33. Kf2 Kd7 34. Kf3 Kc6 35. Ng5 f6 36. Ne4 f5 37. Nc3 Nc7 38. Kf4 Nd5+ 39.
Nxd5 Kxd5 40. Kg5 Kd4 41. Kxg6 Kc3 42. b4 cxb4 43. axb4 Kxb4 44. Kxf5 a5 45. g4 hxg4 46. Kxg4 a4 47. h4 a3 48. h5 a2 49. h6 a1=Q 50.
Kg5 Qe5+ 51. Kg6 Qe6+ 52. Kg7 Qe7+ 53. Kg8 Qg5+ 54. Kh7 Kc5 55. Kh8 Kd6 56. h7 Qf6+ 57. Kg8 Qg6+ 58. Kh8 Qh6 59. Kg8 Qg6+ 60. Kh8 Qf6+ 61.
Kg8 Qg6+ 1/2-1/2

[Event "Live Chess"]
[Site "Chess.com"]
[Date "2023.05.21"]
[Round "-"]
[White "ramses-IIG"]
[Black "raminguy"]
[Result "0-1"]
[WhiteElo "837"]
[BlackElo "1938"]
[TimeControl "300"]
[EndTime "18:46:37 PDT"]
[Termination "raminguy won by checkmate"]

1. e4 e5 2. Nf3 Nc6 3. Bc4 Bc5 4. d3 Nf6 5. Ng5 O-O 6. h4 h6 7. c3 d5 8. exd5 Nxd5 9. Qh5 Be6 10. Ne4 Nf6 11.
Nxf6+ Qxf6 12. Bg5 Qxf2+ 13. Kd1 Bxc4 14. Bxh6 Bxd3 15.
Nd2 gxh6 16. Qxh6 Be3 17. Qxe3 Qxe3 18. Re1 Qf2 19. Rf1 Be2+ 20. Kc2 Bxf1 21. Rxf1 Qxg2 22. h5 Rad8 23. Kb3 Rxd2 24. Rf6 Rxb2+ 25. Kc4 Qe4+ 26. Kc5 b6# 0-1

[Event "Live Chess"]
[Site "Chess.com"]
[Date "2023.05.21"]
[Round "-"]
[White "whatnot126"]
[Black "ViktorTheCoolBoy"]
[Result "0-1"]
[WhiteElo "2050"]
[BlackElo "2514"]
[TimeControl "300"]
[EndTime "18:47:30 PDT"]
[Termination "ViktorTheCoolBoy won by resignation"]

1. e4 e5 2. Nf3 Nc6 3. d4 exd4 4. Bc4 Nf6 5. O-O Nxe4 6. Nc3 dxc3 7. Bxf7+ Kxf7 8. Qd5+ Ke8 9. Re1 Ne7 10. Rxe4 d6 11. Ng5 c6 12. Qf7+ Kd7 13. Ne6 Qe8 14. Qxe8+ Kxe8 15. Nc7+ Kd8 16. Nxa8 Bf5 17. Re2 h6 18.
Bf4 Kd7 19. bxc3 Nd5 20. Bg3 Be7 21. Rd1 Nxc3 22. Rxe7+ Kxe7 23. Rxd6 Ne2+ 0-1

[Event "Live Chess"]
[Site "Chess.com"]
[Date "2023.05.21"]
[Round "-"]
[White "romchyk1219"]
[Black "IgorSchukin"]
[Result "0-1"]
[WhiteElo "639"]
[BlackElo "1783"]
[TimeControl "300"]
[EndTime "18:48:19 PDT"]
[Termination "IgorSchukin won by resignation"]

1. e4 c5 2. Nf3 Nc6 3. g3 d5 4. Bg2 dxe4 5. Ng5 Nf6 6. Nxe4 Nxe4 7. Bxe4 Bh3 8. d3 Qb6 9. Be3 e5 10. b4 Qxb4+ 11. Bd2 Qb6 12. Nc3 O-O-O 13. Be3 Nd4 14. Qd2 f5 15. Bd5 Rxd5 16. Nxd5 Qb2 17. Bxd4 Qxd4 18. Nc3 h5 19. O-O-O g6 20. Nb5 Qa4 21.
Nc3 Qa3+ 22. Kb1 Bh6 23. Qc1 Bxc1 24. Rxc1 0-1

[Event "Live Chess"]
[Site "Chess.com"]
[Date "2023.05.21"]
[Round "-"]
[White "raminguy"]
[Black "ChessClubLive"]
[Result "1-0"]
[WhiteElo "1940"]
[BlackElo "1456"]
[TimeControl "300"]
[EndTime "18:48:54 PDT"]
[Termination "raminguy won by resignation"]

1. d4 d5 2. Nc3 Nc6 3. e4 dxe4 4.
d5 Nb8 5. Nxe4 e6 6. Bb5+ Bd7 7.
dxe6 Bxb5 8. exf7+ Ke7 9. fxg8=N+ Rxg8 10. Bg5+ Kf7 11. Bxd8 1-0

[Event "Live Chess"]
[Site "Chess.com"]
[Date "2023.05.21"]
[Round "-"]
[White "chessfiction"]
[Black "GEMdzq"]
[Result "0-1"]
[WhiteElo "2347"]
[BlackElo "2265"]
[TimeControl "300"]
[EndTime "18:49:02 PDT"]
[Termination "GEMdzq won by resignation"]

1. d4 Nf6 2. Nc3 e6 3. Bg5 c5 4. d5 Qb6 5. Bxf6 gxf6 6. Qd2 h5 7. O-O-O d6 8. e4 Nd7 9. Kb1 Ne5 10. f4 Bh6 11.
dxe6 Bxe6 12. Bb5+ Ke7 13. Qf2 Ng4 14. Qh4 Bxf4 15. Nh3 Be5 16. a4 Bxc3 17. bxc3 a6 18. c4 axb5 19. cxb5 Rxa4 0-1

[Event "Live Chess"]
[Site "Chess.com"]
[Date "2023.05.21"]
[Round "-"]
[White "manthanit"]
[Black "Conradical12"]
[Result "0-1"]
[WhiteElo "1050"]
[BlackElo "1651"]
[TimeControl "300"]
[EndTime "18:49:09 PDT"]
[Termination "Conradical12 won on time"]

1. e4 e5 2. Nf3 Nc6 3. Nc3 Nf6 4. d4 Bb4 5. dxe5 Nxe4 6. Qd3 Nc5 7. Qf5 O-O 8. Ng5 g6 9. Qf6 Qxf6 10. exf6 Nd4 11. Kd1 d6 12. Be3 Nce6 13. Bxd4 Nxd4 14. a3 Ba5 15. b4 Bb6 16. Nd5 Nc6 17. f3 Be6 18.
Bc4 Bxd5 19. Bxd5 Bd4 20. Rb1 Bxf6 21. h4 a6 22. Kd2 Rfe8 23. c3 Re5 24. Bxf7+ Kh8 25.
Bc4 Bxg5+ 26. hxg5 Rxg5 27. Rh2 Ne5 28. Bb3 Rf8 29.
Rbh1 h5 30. a4 b5 31. axb5 axb5 32. Rf1 Rg3 33. Bc2 Kg7 34. f4 Ng4 35. Rhh1 Rxg2+ 36. Kc1 Ne3 37. Re1 Nxc2 38. Re7+ Kf6 39. Rxc7 Ne3 40. Re1 Ra8 0-1